 Dungeon Crawl Stone Soup version 0.29-a0-330-g52719c12eb (webtiles) character file.

Game seed: 11743344221236577777

4226 Argons the Summoner (level 10, -2/56 HPs)
             Began as an Octopode Summoner on Apr 30, 2022.
             Was a Follower of Sif Muna.
             Shot with an arrow by a centaur (5 damage)
             ... on level 8 of the Dungeon.
             The game lasted 00:49:40 (11038 turns).

Argons the Summoner (Octopode Summoner)            Turns: 11038, Time: 00:49:40

Health: -2/56      AC:  1    Str: 14    XL:     10   Next: 30%
Magic:  16/22      EV: 13    Int: 21    God:    Sif Muna [*.....]
Gold:   399        SH:  5    Dex: 13    Spells: 3/13 levels left

rFire   + + .      SeeInvis .   (no weapon)
rCold   x . .      Faith    .   (no shield)
rNeg    . . .      Spirit   .   (helmet restricted)
rPois   .          Reflect  +   D - amulet of reflection
rElec   .          Harm     .   o - +6 ring of strength
rCorr   .          Rampage  .   r - ring of willpower
Will    +....                   w - ring of magical power
Stlth   +++.......              f - ring of fire
HPRegen 0.18/turn               J - ring of protection from fire
MPRegen 0.18/turn               (no ring)
                                (no ring)
                                (no ring)

@: no status effects
A: almost no armour, amphibious, 8 rings, camouflage 1, gelatinous body 1,
(nimble swimmer 1), tentacles
a: Renounce Religion, Channel Magic


You were on level 8 of the Dungeon.
You worshipped Sif Muna.
Sif Muna was aware of your devotion.
You visited 1 branch of the dungeon, and saw 8 of its levels.

You collected 459 gold pieces.
You spent 60 gold pieces at shops.

Inventory:

Missiles
 b - 9 boomerangs
 c - 9 poisoned darts
 k - 10 javelins
Jewellery
 f - a ring of fire (on tentacle)
 o - a +6 ring of strength (left tentacle)
 r - a ring of willpower (right tentacle)
 w - a ring of magical power (on tentacle)
 D - an amulet of reflection (around mantle)
 J - a ring of protection from fire (on tentacle)
Wands
 p - a wand of paralysis (10)
 s - a wand of polymorph (4)
 B - a wand of flame (3)
 G - a wand of iceblast (13)
Scrolls
 g - 3 scrolls of noise {unknown}
 h - 2 scrolls of fear
 l - a scroll of silence {unknown}
 t - 2 scrolls of enchant weapon
 u - 3 scrolls of vulnerability {unknown}
 v - a scroll of summoning {unknown}
 x - 3 scrolls of teleportation {unknown}
 y - a scroll of torment {unknown}
 z - a scroll of magic mapping {unknown}
 A - a scroll of acquirement {unknown}
 C - a scroll of amnesia {unknown}
 K - a scroll of immolation {unknown}
Potions
 a - a potion of magic
 d - 3 potions of might
 e - 6 potions of curing
 i - 3 potions of haste
 j - 4 potions of heal wounds
 m - 3 potions of flight {unknown}
 n - a potion of berserk rage {unknown}
 q - a potion of invisibility {unknown}
 E - 2 potions of brilliance {unknown}
 F - a potion of mutation {unknown}
 H - a potion of attraction {unknown}
 I - a potion of cancellation {unknown}


   Skills:
 - Level 2.0 Dodging
 - Level 2.6 Stealth
 - Level 2.0 Spellcasting
 + Level 12.1 Summonings
 + Level 9.2 Air Magic


You had 3 spell levels left.
You knew the following spells:

 Your Spells              Type           Power      Damage    Failure   Level
a - Summon Small Mammal   Summ           100%       N/A       1%          1
b - Call Imp              Summ           52%        N/A       1%          2
c - Call Canine Familiar  Summ           52%        N/A       1%          3
d - Summon Lightning Spi  Summ/Air       46%        N/A       1%          4

Your spell library contained the following spells:

 Spells                   Type           Power      Damage    Failure   Level
 Summon Guardian Golem    Hex/Summ       27%        N/A       3%          3
 Scorch                   Fire           6%         2d5       22%         2
 Summon Cactus Giant      Summ           26%        N/A       16%         6
 Flame Wave               Conj/Fire      3%         2d4       82%         4


Dungeon Overview and Level Annotations

Branches:
Dungeon (8/15)             Temple (0/1) D:7
   Lair: D:8-11

Altars:
Ashenzari
Cheibriados
Dithmenos
Elyvilon
Gozag
Kikubaaqudgha
Makhleb
Nemelex Xobeh
Okawaru
Qazlal
Ru
Sif Muna
Wu Jian
Xom

Shops:
D:1 =   D:5 [   D:6 !

Annotations:
D:6 Eustachio


Innate Abilities, Weirdness & Mutations

You cannot wear most types of armour.
You are amphibious.
You can wear up to eight rings at the same time.
Your skin changes colour to match your surroundings (Stealth+).
Your rubbery body absorbs attacks. (AC +1, EV +1)
((You are camouflaged when in or above water. (Stealth+)))
You have tentacles for arms and can constrict up to eight enemies at once.


Message History

The arrow misses your wolf.
You reflect the arrow off an invisible shield around you!
The arrow hits your wolf.
Your wolf bites the centaur.
The centaur shoots an arrow.
The arrow barely misses your wolf. The arrow closely misses you.
Your wolf bites the centaur.
The centaur drinks a potion.
The centaur is healed!
Your wolf barely misses the centaur.
The centaur shoots an arrow.
The arrow misses your wolf. The arrow barely misses you.
Your wolf closely misses the centaur.
The centaur unwields a +0 shortbow.
The centaur closely misses your wolf. The centaur misses your wolf.
Your wolf bites the centaur!
The centaur misses your wolf. The centaur kicks your wolf.
Your wolf completely misses the centaur.
Your wolf closely misses the centaur.
The centaur wields a +0 shortbow.
The centaur shoots an arrow.
The arrow closely misses your wolf. The arrow misses you.
Your wolf bites the centaur!
The centaur shoots an arrow.
The arrow hits your wolf!
Your wolf dies!
Your wolf's corpse disappears in a puff of smoke!
The centaur shoots an arrow.
The arrow hits you.
You hear a distant slurping noise.
Casting: Call Canine Familiar (safe; 1% risk of failure)
Confirm with . or Enter, or press ? or * to list all spells.
The centaur shoots an arrow.
The arrow closely misses your wolf. The arrow closely misses you.
The centaur shoots an arrow.
The arrow closely misses your wolf. The arrow closely misses you.
The centaur shoots an arrow.
The arrow closely misses your wolf. The arrow hits you!
* * * LOW HITPOINT WARNING * * *
Your wolf barely misses the centaur.
The centaur unwields a +0 shortbow.
The centaur barely misses your wolf.
The centaur kicks your wolf but does no damage.
Your wolf closely misses the centaur.
Your wolf bites the centaur.
The centaur wields a +0 shortbow.
The centaur shoots an arrow.
The arrow misses your wolf. The arrow hits you!
* * * LOW HITPOINT WARNING * * *
Your wolf barely misses the centaur.
The centaur shoots an arrow.
The arrow misses your wolf. The arrow hits you.
You die...

#........#.#
#####....#.#
#.<#.......###
#.##..##.....#
#.........##.#
#..#.#.##.# ..
#....#..... .#
####.##.....
..
#.@..##......
.
#.#####.......
#h# #........
#c# #.........
#.....c..
#..####.. #..#
#..# #..#


You could see a centaur (ally target) and a friendly wolf (summoned).

Vanquished Creatures
  Prince Ribbit (D:7)
  Duvessa (D:6)
  A phantom (D:6)
  2 scorpions
  A necrophage (D:4)
  Dowan (D:6)
  A hound (D:6)
  An orc priest (D:7)
  3 adders
  A shadow imp (D:6)
  2 ufetubi
  A worm (D:3)
  A dart slug (D:2)
  3 orcs (D:3)
  7 ball pythons
  4 endoplasms
  A giant cockroach (D:1)
  4 hobgoblins
  A kobold (D:2)
  4 quokkas
  7 bats
  2 frilled lizards
  3 goblins
  8 rats
61 creatures vanquished.

Vanquished Creatures (collateral kills)
  An ugly thing (D:7)
  Maggie (D:6)
  A troll (D:7)
  Grinder (D:3)
  Sigmund (D:3)
  Menkaure (D:5)
  A steam dragon (D:7)
  A water moccasin (D:7)
  2 sky beasts
  2 orc warriors (D:7)
  3 black bears
  2 ice beasts (D:6)
  A phantom (D:4)
  A gnoll sergeant (D:6)
  2 bullfrogs
  3 necrophages
  3 scorpions
  3 jellies
  A gnoll shaman (D:6)
  An orc priest (D:4)
  2 hounds (D:6)
  Crazy Yiuf (D:3)
  An orc wizard (D:4)
  3 gnolls (D:2)
  4 adders
  A white imp (D:7)
  2 ufetubi (D:4)
  4 worms
  A dart slug (D:2)
  13 orcs
  2 ball pythons (D:1)
  2 bats (D:1)
  5 endoplasms
  6 goblins
  A quokka (D:2)
  5 kobolds
  3 rats
88 creatures vanquished.

Vanquished Creatures (others)
  2 fungi (D:3)
  24 plants
26 creatures vanquished.

Grand Total: 175 creatures vanquished

Notes
Turn   | Place    | Note
-------+----------+-------------------------------------------
     0 | D:1      | Argons the Octopode Summoner began the quest for the Orb.
     0 | D:1      | Reached XP level 1. HP: 11/11 MP: 3/3
   417 | D:1      | Found Leapiatienk's Jewellery Boutique.
   490 | D:1      | Reached XP level 2. HP: 14/17 MP: 5/5
   497 | D:1      | Learned a level 2 spell: Call Imp
  1003 | D:1      | Reached XP level 3. HP: 21/21 MP: 6/6
  1141 | D:1      | Reached skill level 5 in Summonings
  1426 | D:1      | Learned a level 3 spell: Call Canine Familiar
  1747 | D:2      | Reached XP level 4. HP: 19/27 MP: 5/7
  2418 | D:3      | Noticed a scorpion
  2470 | D:3      | Killed a scorpion
  2471 | D:3      | Reached skill level 6 in Summonings
  2471 | D:3      | Reached XP level 5. HP: 31/31 MP: 5/8
  2612 | D:3      | Found a faded altar of an unknown god.
  2660 | D:3      | Noticed Sigmund
  3117 | D:3      | Noticed Grinder
  3216 | D:3      | Killed Grinder
  3217 | D:3      | Reached skill level 7 in Summonings
  3217 | D:3      | Reached XP level 6. HP: 7/36 MP: 1/9
  4058 | D:4      | Reached skill level 8 in Summonings
  4058 | D:4      | Reached skill level 1 in Air Magic
  4058 | D:4      | Reached XP level 7. HP: 29/41 MP: 7/10
  4180 | D:4      | Found a stormy altar of Qazlal.
  4182 | D:4      | Found a shimmering blue altar of Sif Muna.
  4182 | D:4      | Found an opulent altar of Gozag.
  4182 | D:4      | Found an ornate altar of the Wu Jian Council.
  4219 | D:4      | HP: 2/41 [worm (3)]
  4678 | D:4      | Became a worshipper of Sif Muna the Loreminder
  5280 | D:5      | Entered Level 5 of the Dungeon
  5352 | D:5      | Reached skill level 9 in Summonings
  5352 | D:5      | Reached XP level 8. HP: 11/46 MP: 0/11
  5618 | D:5      | Learned a level 4 spell: Summon Lightning Spire
  6132 | D:5      | Found Zoedess's Armour Emporium.
  6162 | D:5      | Noticed Menkaure
  6187 | D:5      | Killed Menkaure
  6188 | D:5      | Reached skill level 5 in Air Magic
  6738 | D:3      | Found a sparkling altar of Nemelex Xobeh.
  6740 | D:3      | Found an ancient bone altar of Kikubaaqudgha.
  6914 | D:3      | Found a runed translucent door.
  6915 | D:3      | Noticed Crazy Yiuf
  6926 | D:3      | Killed Crazy Yiuf
  7499 | D:3      | Killed Sigmund
  7701 | D:6      | Found a snail-covered altar of Cheibriados.
  7709 | D:6      | Noticed Duvessa
  7709 | D:6      | Noticed Dowan
  7982 | D:6      | Killed Dowan
  7983 | D:6      | Reached skill level 10 in Summonings
  8226 | D:6      | Killed Duvessa
  8227 | D:6      | Reached XP level 9. HP: 43/51 MP: 12/12
  8322 | D:6      | Found a white marble altar of Elyvilon.
  8340 | D:6      | Noticed Eustachio
  8371 | D:6      | Found Musch's Distillery.
  8377 | D:6      | Bought a potion of degeneration for 10 gold pieces
  8377 | D:6      | Bought a potion of heal wounds for 50 gold pieces
  8778 | D:6      | Found a burning altar of Makhleb.
  8780 | D:6      | Found a sacrificial altar of Ru.
  8780 | D:6      | Found a broken altar of Ashenzari.
  8782 | D:6      | Found a shadowy altar of Dithmenos.
  8782 | D:6      | Found a shimmering altar of Xom.
  8782 | D:6      | Found a burning altar of Makhleb.
  8805 | D:6      | Noticed Maggie
  9284 | D:6      | Found a sacrificial altar of Ru.
  9437 | D:6      | Reached * piety under Sif Muna
  9502 | D:6      | Killed Maggie
  9606 | D:6      | Reached skill level 11 in Summonings
  9777 | D:7      | Found a staircase to the Ecumenical Temple.
 10035 | D:7      | Noticed Prince Ribbit
 10048 | D:7      | Killed Prince Ribbit
 10370 | D:7      | Noticed a troll
 10396 | D:7      | Noticed a white ugly thing
 10588 | D:7      | Found an iron altar of Okawaru.
 10611 | D:7      | Reached XP level 10. HP: 46/56 MP: 13/13
 10818 | D:7      | Killed a white ugly thing
 10819 | D:7      | Reached skill level 12 in Summonings
 11038 | D:8      | Shot with an arrow by a centaur

Illustrated notes

Levels and vault maps discovered:
D:1:      psy_arrival_conway, layout_loops_corners, serial_shops, shop
D:2:      layout_rooms, serial_rivers, chequers_serial_rivers_small_a,
          chequers_serial_rivers_micro_c, chequers_serial_rivers_small_a,
          chequers_serial_rivers_small_a, lemuel_another_geyser
D:3:      layout_loops_ring, nicolae_overflow_squiral,
          dilly_ecumenical_altar_fadedgnrine, uniq_grinder,
          uniq_crazy_yiuf_cottage, uniq_sigmund
D:4:      layout_loops_ring, grunt_temple_overflow_open, serial_glass,
          glass_columns_a, glass_columns_a
D:5:      layout_basic, serial_shops, nicolae_shop_statue_plus, uniq_menkaure
D:6:      minmay_angry_zag, layout_gridville, mainiacjoe_overflow_brackets,
          mainiacjoe_overflow_alcove_1, doesnt_xom_only_xom,
          nicolae_elyvilon_temple_path, serial_shops, nicolae_shop_crystal,
          nicolae_lava_and_water, uniq_eustachio, uniq_duvessa, uniq_maggie
D:7:      layout_loops_ring, mainiacjoe_overflow_surrounded_room,
          minmay_temple_entry_large_hall, wad_mini_maze, uniq_prince_ribbit1
D:8:      cheibrodos_fertilizer, layout_basic, nicolae_ossuary_entry_giza

Skill      XL: |  1  2  3  4  5  6  7  8  9 10 |
---------------+-------------------------------+-----
Summonings     | 5 6 7 8 9 10 11 12 | 12.1
Air Magic      | 1 3 6 8 9 |  9.2
Dodging        | |  2.0
Stealth        | |  2.6
Spellcasting   | |  2.0

Action                   |  1- 3 |  4- 6 |  7- 9 | 10-12 || total
-------------------------+-------+-------+-------+-------++-------
Melee: Unarmed           |    69 |    51 |    92 |       ||   212
       Tentacles         |    23 |    10 |    21 |       ||    54
       Constrict         |    20 |    13 |    22 |       ||    55
       Punch             |       |     2 |     2 |       ||     4
 Cast: Summon Small Mamm |     3 |     1 |       |       ||     4
       Call Imp          |    16 |    15 |    27 |       ||    58
       Call Canine Famil |       |    11 |    42 |     6 ||    59
       Summon Lightning  |       |       |       |     4 ||     4
Evoke: Wand              |       |       |     6 |       ||     6
  Use: Scroll            |       |       |     4 |     1 ||     5
 Stab: Sleeping          |     9 |     3 |     3 |       ||    15
Armor: Skin              |    15 |     1 |     2 |       ||    18
Dodge: Dodged            |    60 |    46 |    52 |     7 ||   165
Block: Other             |       |       |     2 |     2 ||     4
       Reflection        |       |       |       |     2 ||     2

Table legend: (Time is in decaauts)
 A = Elapsed time spent in this place.
 B = Non-inter-level travel time spent in this place.
 C = Inter-level travel time spent in this place.
 D = Time resting spent in this place.
 E = Time spent auto-exploring this place.
 F = Levels seen in this place.
 G = Mean time per level.
                   A        B        C        D        E       F      G
               +--------+--------+--------+--------+--------+-----+--------+
         Total |  11035 |  10321 |    714 |   3840 |    544 |   8 | 1379.4 |
       Dungeon |  11035 |  10321 |    714 |   3840 |    544 |   8 | 1379.4 |
               +--------+--------+--------+--------+--------+-----+--------+

Top non-repeatable levels by time:
     D:3: 2306 daAuts
     D:6: 1825 daAuts
     D:4: 1627 daAuts
     D:1: 1468 daAuts
     D:5: 1358 daAuts
     D:7: 1224 daAuts
     D:2: 1163 daAuts
     D:8: 61 daAuts
